 Dungeon Crawl Stone Soup version 0.27.1-33-g824d729ab1 (webtiles) character file.

Game seed: 9739702295960202542

53 zorgate the Shield-Bearer (level 3, -4/23 HPs)
             Began as a Vampire Fighter on Nov 27, 2021.
             Slain by a worm (7 damage)
             ... on level 3 of the Dungeon.
             The game lasted 00:16:29 (895 turns).

zorgate the Shield-Bearer (Vampire Fighter)          Turns: 895, Time: 00:16:29

Health: -4/23      AC:  6    Str: 16    XL:     3   Next: 62%
Magic:  3/3        EV:  7    Int: 10    God:
Gold:   71         SH:  9    Dex: 13    Spells: 2/2 levels left

rFire    . . .     SeeInvis +   a - +0 war axe
rCold    + + .     Faith    .   c - +0 kite shield
rNeg     + + +     Spirit   .   b - +0 scale mail
rPois    ∞         Reflect  .   (no helmet)
rElec    .         Harm     .   (no cloak)
rCorr    .         Rampage  .   (no gloves)
Will     .....                  (no boots)
Stlth    ++........             (no amulet)
HPRegen  0.00/turn              (no ring)
MPRegen  0.08/turn              (no ring)

@: lethally poisoned (-4 -> -4), bloodless, inhibited regen
A: bloodless, fangs 3, see invisible, vampiric 2
a: Bat Form, Revivify


You were on level 3 of the Dungeon.
You visited 1 branch of the dungeon, and saw 4 of its levels.

You collected 71 gold pieces.

Inventory:

Hand Weapons
 a - a +0 war axe (weapon)
 e - a +0 spear
 f - a +0 falchion
 g - a +0 club
 i - a +0 hand axe
 m - a +2 vorpal hand axe
 n - a +0 short sword
 o - a +0 short sword
 q - a +0 mace
 r - a +0 flail
 s - a +0 hunting sling of flaming
Missiles
 j - 48 stones (quivered)
 p - 16 bolts
Armour
 b - a +0 scale mail (worn)
 c - a +0 kite shield (worn)
Wands
 l - a wand of charming (7)
Scrolls
 h - a scroll of holy word {unknown}
Potions
 d - a potion of might


   Skills:
 + Level 3.0 Fighting
 + Level 2.5 Axes
 + Level 2.7 Armour
 + Level 0.4 Dodging
 + Level 0.4 Stealth
 + Level 3.1 Shields


You had 2 spell levels left.
You didn't know any spells.
Your spell library was empty.

Dungeon Overview and Level Annotations

Branches:
Dungeon (4/15)
 Temple: D:4-7

Altars:

Portals:
Sewer: D:3


Innate Abilities, Weirdness & Mutations

You do not regenerate when monsters are visible.
You are frail without blood (-20% HP).
You can heal yourself when you bite living creatures.
You are immune to poison.
You have razor-sharp teeth.
You have supernaturally acute eyesight. (SInv)
You are afflicted with vampirism and can become a bat while bloodless.


Message History

j - 48 stones (gained 1)
You now have 71 gold pieces (gained 3).
Found 14 gold pieces.
Found 17 gold pieces.
A worm comes into view.
You see here 22 arrows.
Found a glowing drain.
You hear the brisk rusting of a drain.
You see here 17 gold pieces.
Cleave: a) +0 war axe
Press: ? - help, Dir - move target, f - worm
Aim: a worm (about 24% to evade your +0 war axe)
You hit the worm.
The worm is lightly wounded.
You block the worm's attack.
Cleave: a) +0 war axe
Press: ? - help, Dir - move target, f/p - worm
Aim: a worm (lightly wounded, about 24% to evade your +0 war axe)
You hit the worm. Your bite misses the worm.
The worm is lightly wounded.
The worm bites you.
* * * LOW HITPOINT WARNING * * *
Cleave: a) +0 war axe
Press: ? - help, Dir - move target, f/p - worm
Aim: a worm (lightly wounded, about 24% to evade your +0 war axe)
You barely miss the worm.
The worm is lightly wounded.
You block the worm's attack.
Cleave: a) +0 war axe
Press: ? - help, Dir - move target, f/p - worm
Aim: a worm (about 24% to evade your +0 war axe)
You completely miss the worm. The worm bites you.
* * * LOW HITPOINT WARNING * * *
Unknown command.
Cleave: a) +0 war axe
Press: ? - help, Dir - move target, f/p - worm
Aim: a worm (about 24% to evade your +0 war axe)
Your scale mail prevents you from hitting the worm.
The worm bites you!
You die...

# #.#
#..........#
# #.#
#..........#
# #.#
##........##
###.#
#..........#
#...###.
.......(...#
..##....
#..........#
.....#
$..........#
..####
...........#
..#
≈.≈#...@..##
..##
≈≈≈≈...w.##
>..#
≈≈≈≈≈#.###
##.# ≈≈≈≈≈≈.
# ...
≈∩≈≈≈.. #
###..
≈≈≈≈≈.. # #
≈≈≈≈≈#. #
≈≈≈... #


You could see a worm.

Vanquished Creatures
  An adder (D:3)
  2 orcs (D:3)
  7 ball pythons
  7 endoplasms
  2 giant cockroaches (D:1)
  4 goblins
  2 hobgoblins
  3 jackals (D:3)
  3 quokkas
  2 bats
  2 frilled lizards (D:1)
  4 kobolds
39 creatures vanquished.

Notes
Turn   | Place    | Note
-------+----------+-------------------------------------------
     0 | D:1      | zorgate the Vampire Fighter began the quest for the Orb.
     0 | D:1      | Reached XP level 1. HP: 17/17 MP: 1/1
   254 | D:1      | Reached XP level 2. HP: 18/23 MP: 2/2
   622 | D:3      | Gained mutation: You are afflicted with vampirism and can
                  | become a bat while bloodless. [Vampire growth]
   622 | D:3      | Reached XP level 3. HP: 29/29 MP: 3/3
   886 | D:3      | Found a glowing drain.
   895 | D:3      | Slain by a worm

Illustrated notes

Levels and vault maps discovered:
D:1:      ncdulo_halloftheorcs, layout_basic, minmay_statues_item
D:2:      layout_basic, serial_glass, glass_columns_a, glass_columns_a,
          kennysheep_generic_room_10
D:3:      layout_rooms, cheibrodos_sewer_entry_drain, serial_shops, shop,
          minivault_27
D:4:      minmay_polygon_palace, layout_loops_ring, okawaru_altar_gauntlet_db

Skill      XL: |  1  2 |
---------------+-------+-----
Axes           | 2 |  2.5
Shields        | 3 |  3.1
Fighting       | 3 |  3.0
Armour         | |  2.7
Dodging        | |  0.4
Stealth        | |  0.4

Action                   || total
-------------------------++-------
Melee: War axe           ||    87
       Bite              ||     8
Throw: Stone             ||     4
 Abil: Exsanguinate      ||     1
  Use: Potion            ||     2
Armor: Scale mail        ||    52
Dodge: Dodged            ||    33
Block: Kite shield       ||    62
